| TOP OF THE 1ST |
|
Frisco RoughRiders batting - Pitching for Chattanooga Lookouts : LHP Antoine Champagne
|
|
Pitching: LHP Antoine Champagne
|
|
|
Batting: RHB Chris Torlak
|
0-0: Called Strike 0-1: Foul Ball, location: 2F 0-2: Foul Ball, location: 2F 0-2: Foul Ball, location: 2F 0-2: Foul Ball, location: 2F 0-2: Fly out, F7 (Line Drive, 7LM, EV 90.0 MPH)
|
|
Batting: RHB Andrew Clarke
|
0-0: Ball 1-0: Called Strike 1-1: Ball 2-1: Foul Ball, location: 2F 2-2: Ball 3-2: Base on Balls
|
|
Batting: RHB Kurt Wagner
|
0-0: Ball 1-0: Ball 2-0: Fly out, F9 (Flyball, 9D, EV 101.2 MPH)
|
|
Batting: SHB Isaiah Cherry
|
0-0: Ball 1-0: Ball 2-0: Swinging Strike 2-1: Ball 3-1: Called Strike 3-2: Strikes out looking
|
| Top of the 1st over - 0 runs, 0 hits, 0 errors, 1 left on base; Frisco 0 - Chattanooga 0 |
| BOTTOM OF THE 1ST |
|
Chattanooga Lookouts batting - Pitching for Frisco RoughRiders : RHP Tim Martin
|
|
Pitching: RHP Tim Martin
|
|
|
Batting: LHB Jim Pankratz
|
0-0: Ball 1-0: Ball 2-0: Swinging Strike 2-1: Swinging Strike 2-2: Ball 3-2: Fly out, F9 (Flyball, 89S, EV 90.0 MPH)
|
|
Batting: LHB Matt Robertson
|
0-0: Ball 1-0: Swinging Strike 1-1: Ball 2-1: Foul Ball, location: 2F 2-2: Foul Ball, location: 2F 2-2: Ground out 6-3 (Groundball, 6, EV 86.9 MPH)
|
|
Batting: RHB Miguel Diaz
|
0-0: Ball 1-0: Swinging Strike 1-1: Ground out 4-3 (Groundball, 4, EV 79.4 MPH)
|
| Bottom of the 1st over - 0 runs, 0 hits, 0 errors, 0 left on base; Frisco 0 - Chattanooga 0 |
| TOP OF THE 2ND |
|
Frisco RoughRiders batting - Pitching for Chattanooga Lookouts : LHP Antoine Champagne
|
|
Batting: RHB Aaron Graham
|
0-0: Ball 1-0: Foul Ball, location: 2F 1-1: Foul Ball, location: 2F 1-2: Ground out 6-3 (Groundball, 56, EV 99.4 MPH)
|
|
Batting: RHB Salvador Caldera
|
0-0: Fly out, F8 (Flyball, 8RXD, EV 88.1 MPH)
|
|
Batting: RHB Zach Thomason
|
0-0: Ball 1-0: Foul Ball, location: 2F 1-1: Called Strike 1-2: Ball 2-2: Foul Ball, location: 2F 2-2: Strikes out swinging
|
| Top of the 2nd over - 0 runs, 0 hits, 0 errors, 0 left on base; Frisco 0 - Chattanooga 0 |
| BOTTOM OF THE 2ND |
|
Chattanooga Lookouts batting - Pitching for Frisco RoughRiders : RHP Tim Martin
|
|
Batting: RHB Manuel Juarez
|
0-0: Called Strike 0-1: Foul Ball, location: 2F 0-2: Strikes out looking
|
|
Batting: RHB J.J. Powers
|
0-0: Called Strike 0-1: Foul Ball, location: 2F 0-2: Ball 1-2: Strikes out swinging
|
|
Batting: SHB Ian Thompson
|
0-0: Ball 1-0: Ball 2-0: Called Strike 2-1: Called Strike 2-2: Foul Ball, location: 2F 2-2: Strikes out swinging
|
| Bottom of the 2nd over - 0 runs, 0 hits, 0 errors, 0 left on base; Frisco 0 - Chattanooga 0 |
| TOP OF THE 3RD |
|
Frisco RoughRiders batting - Pitching for Chattanooga Lookouts : LHP Antoine Champagne
|
|
Batting: LHB Davey Schonewille
|
0-0: Ball 1-0: Ball 2-0: Called Strike 2-1: Ground out 3-1 (Groundball, 34, EV 86.2 MPH)
|
|
Batting: RHB Gavin Fimple
|
0-0: Ball 1-0: Ball 2-0: Ball 3-0: Called Strike 3-1: Foul Ball, location: 2F 3-2: Strikes out swinging
|
|
Batting: RHB Chris Torlak
|
0-0: Ground out 4-3 (Groundball, 4, EV 103.1 MPH)
|
| Top of the 3rd over - 0 runs, 0 hits, 0 errors, 0 left on base; Frisco 0 - Chattanooga 0 |
| BOTTOM OF THE 3RD |
|
Chattanooga Lookouts batting - Pitching for Frisco RoughRiders : RHP Tim Martin
|
|
Batting: RHB Jose Nunez
|
0-0: Ball 1-0: Called Strike 1-1: Swinging Strike 1-2: Ball 2-2: Ball 3-2: Foul Ball, location: 2F 3-2: Ground out 5-3 (Groundball, 56, EV 82.5 MPH)
|
|
Batting: LHB Justin Wenzel
|
0-0: Ball 1-0: Ball 2-0: Called Strike 2-1: Foul Ball, location: 2F 2-2: Ball 3-2: Base on Balls
|
|
Batting: LHB Seung-jun Chang
|
0-0: Ball 1-0: Swinging Strike 1-1: Foul Ball, location: 2F 1-2: Fielders Choice at 2nd, 4-6 (Groundball, 4, EV 100.6 MPH)
|
|
Batting: LHB Jim Pankratz
|
0-0: Called Strike 0-1: Ball 1-1: Swinging Strike 1-2: Ball Seung-jun Chang steals 2nd base 2-2: Strikes out swinging
|
| Bottom of the 3rd over - 0 runs, 0 hits, 0 errors, 1 left on base; Frisco 0 - Chattanooga 0 |
| TOP OF THE 4TH |
|
Frisco RoughRiders batting - Pitching for Chattanooga Lookouts : LHP Antoine Champagne
|
|
Batting: RHB Andrew Clarke
|
0-0: Called Strike 0-1: Called Strike 0-2: Ball 1-2: Foul Ball, location: 2F 1-2: Ball 2-2: SINGLE (Groundball, 6MD, EV 104.4 MPH)
|
|
Batting: RHB Kurt Wagner
|
0-0: Ball 1-0: Foul Ball, location: 2F 1-1: Ball Wild Pitch! Andrew Clarke to second 2-1: Foul Ball, location: 2F 2-2: Strikes out swinging
|
|
Batting: SHB Isaiah Cherry
|
0-0: 2-RUN HOME RUN (Flyball, 78XD, EV 101.9 MPH), Distance : 398 ft
|
|
Batting: RHB Aaron Graham
|
0-0: Ball 1-0: Called Strike 1-1: Called Strike 1-2: Ball 2-2: Ball 3-2: Strikes out swinging
|
|
Batting: RHB Salvador Caldera
|
0-0: Ground out 3-1 (Groundball, 13, EV 84.4 MPH)
|
| Top of the 4th over - 2 runs, 2 hits, 0 errors, 0 left on base; Frisco 2 - Chattanooga 0 |
| BOTTOM OF THE 4TH |
|
Chattanooga Lookouts batting - Pitching for Frisco RoughRiders : RHP Tim Martin
|
|
Batting: LHB Matt Robertson
|
0-0: Called Strike 0-1: Ball 1-1: Ball 2-1: Foul Ball, location: 2F 2-2: Foul Ball, location: 2F 2-2: Ground out 6-3 (Groundball, 4M, EV 85.0 MPH)
|
|
Batting: RHB Miguel Diaz
|
0-0: Ball 1-0: Ball 2-0: Foul Ball, location: 2F 2-1: Fly out, F6 (Line Drive, 6M, EV 66.2 MPH)
|
|
Batting: RHB Manuel Juarez
|
0-0: Called Strike 0-1: Called Strike 0-2: Foul Ball, location: 2F 0-2: Ground out 6-3 (Groundball, 6, EV 101.9 MPH)
|
| Bottom of the 4th over - 0 runs, 0 hits, 0 errors, 0 left on base; Frisco 2 - Chattanooga 0 |
| TOP OF THE 5TH |
|
Frisco RoughRiders batting - Pitching for Chattanooga Lookouts : LHP Antoine Champagne
|
|
Batting: RHB Zach Thomason
|
0-0: Ball 1-0: Called Strike 1-1: Ground out U3 (Groundball, 3L, EV 92.5 MPH)
|
|
Batting: LHB Davey Schonewille
|
0-0: Foul Ball, location: 2F 0-1: Swinging Strike 0-2: Strikes out looking
|
|
Batting: RHB Gavin Fimple
|
0-0: Foul Ball, location: 2F 0-1: Called Strike 0-2: Ball 1-2: Ball 2-2: Ground out 6-3 (Groundball, 6, EV 82.5 MPH)
|
| Top of the 5th over - 0 runs, 0 hits, 0 errors, 0 left on base; Frisco 2 - Chattanooga 0 |
| BOTTOM OF THE 5TH |
|
Chattanooga Lookouts batting - Pitching for Frisco RoughRiders : RHP Tim Martin
|
|
Batting: RHB J.J. Powers
|
0-0: Foul Ball, location: 2F 0-1: Called Strike 0-2: Ball 1-2: Foul Ball, location: 2F 1-2: Foul Ball, location: 2F 1-2: Ball 2-2: Foul Ball, location: 2F 2-2: Ball 3-2: Reached on error, E6 (Groundball, 6, EV 96.9 MPH)
|
|
Batting: SHB Ian Thompson
|
0-0: Called Strike 0-1: Ball 1-1: Called Strike 1-2: Strikes out looking
|
|
Batting: RHB Jose Nunez
|
0-0: Called Strike 0-1: Ball 1-1: Ball 2-1: Ball 3-1: Foul Ball, location: 2F 3-2: Base on Balls J.J. Powers to second
|
|
Batting: LHB Justin Wenzel
|
0-0: Ball 1-0: Grounds into double play, 5-4-3 (Groundball, 5, EV 108.8 MPH)
|
| Bottom of the 5th over - 0 runs, 0 hits, 1 error, 1 left on base; Frisco 2 - Chattanooga 0 |
| TOP OF THE 6TH |
|
Frisco RoughRiders batting - Pitching for Chattanooga Lookouts : LHP Antoine Champagne
|
|
Batting: RHB Chris Torlak
|
0-0: Ball 1-0: Ball 2-0: Ball 3-0: Swinging Strike 3-1: Foul Ball, location: 2F 3-2: Strikes out swinging, 2-3 out at first.
|
|
Batting: RHB Andrew Clarke
|
0-0: Swinging Strike 0-1: Ball 1-1: Called Strike 1-2: Ball 2-2: Ground out U3 (Groundball, 3S, EV 90.6 MPH)
|
|
Batting: RHB Kurt Wagner
|
0-0: Ball 1-0: Ball 2-0: Foul Ball, location: 2F 2-1: Called Strike 2-2: Strikes out swinging
|
| Top of the 6th over - 0 runs, 0 hits, 0 errors, 0 left on base; Frisco 2 - Chattanooga 0 |
| BOTTOM OF THE 6TH |
|
Chattanooga Lookouts batting - Pitching for Frisco RoughRiders : RHP Tim Martin
|
|
Batting: LHB Seung-jun Chang
|
0-0: Ball 1-0: Ball 2-0: Ball 3-0: Called Strike 3-1: Base on Balls
|
|
Batting: LHB Jim Pankratz
|
0-0: Fly out, F8 (Flyball, 8LM, EV 80.6 MPH)
|
|
Batting: LHB Matt Robertson
|
0-0: Foul Ball, location: 2F 0-1: Called Strike Seung-jun Chang steals 2nd base (no throw) 0-2: SINGLE (Groundball, 34S, EV 74.4 MPH) (infield hit) Seung-jun Chang to third
|
|
Pitching: RHP Tyler Jack
|
|
|
Batting: RHB Miguel Diaz
|
0-0: Ball Matt Robertson is caught stealing 2nd base 2-4 1-0: Ball 2-0: SINGLE (Line Drive, 4D, EV 94.4 MPH) Seung-jun Chang scores
|
|
Batting: RHB Manuel Juarez
|
0-0: Foul Ball, location: 2F 0-1: Called Strike 0-2: Ball 1-2: Strikes out swinging
|
| Bottom of the 6th over - 1 run, 2 hits, 0 errors, 1 left on base; Frisco 2 - Chattanooga 1 |
| TOP OF THE 7TH |
|
Frisco RoughRiders batting - Pitching for Chattanooga Lookouts : LHP Antoine Champagne
|
|
Batting: SHB Isaiah Cherry
|
0-0: Ball 1-0: Ball 2-0: Ball 3-0: Base on Balls
|
|
Batting: RHB Aaron Graham
|
0-0: Called Strike 0-1: Ball Isaiah Cherry is caught stealing 2nd base 2-4 1-1: Called Strike 1-2: Ground out 5-3 (Groundball, 56, EV 115.6 MPH)
|
|
Batting: RHB Salvador Caldera
|
0-0: Swinging Strike 0-1: Ball 1-1: Swinging Strike 1-2: Ball 2-2: Foul Ball, location: 2F 2-2: Foul Ball, location: 2F 2-2: SOLO HOME RUN (Line Drive, 78XD, EV 108.8 MPH), Distance : 397 ft
|
|
Batting: RHB Zach Thomason
|
0-0: Called Strike 0-1: Swinging Strike 0-2: Strikes out swinging
|
| Top of the 7th over - 1 run, 1 hit, 0 errors, 0 left on base; Frisco 3 - Chattanooga 1 |
| BOTTOM OF THE 7TH |
|
Chattanooga Lookouts batting - Pitching for Frisco RoughRiders : RHP Tyler Jack
|
|
Batting: RHB J.J. Powers
|
0-0: Ball 1-0: Foul Ball, location: 2F 1-1: Ball 2-1: Foul Ball, location: 2F 2-2: Ball 3-2: Ground out 6-3 (Groundball, 6, EV 103.8 MPH)
|
|
Batting: SHB Ian Thompson
|
0-0: Ball 1-0: Ball 2-0: Called Strike 2-1: Foul Ball, location: 2F 2-2: Ground out 4-3 (Groundball, 4, EV 90.6 MPH)
|
|
Batting: RHB Jose Nunez
|
0-0: Ball 1-0: Ball 2-0: Called Strike 2-1: Ground out 5-3 (Groundball, 5, EV 105.6 MPH)
|
| Bottom of the 7th over - 0 runs, 0 hits, 0 errors, 0 left on base; Frisco 3 - Chattanooga 1 |
| TOP OF THE 8TH |
|
Frisco RoughRiders batting - Pitching for Chattanooga Lookouts : LHP Antoine Champagne
|
|
Pitching: LHP Mark Challinor
|
|
|
Batting: LHB Davey Schonewille
|
0-0: Ball 1-0: Ball 2-0: Ground out U3 (Groundball, 34S, EV 81.9 MPH)
|
|
Batting: RHB Gavin Fimple
|
0-0: Ball 1-0: Foul Ball, location: 2F 1-1: Ball 2-1: Swinging Strike 2-2: Strikes out swinging
|
|
Batting: RHB Chris Torlak
|
0-0: Ball 1-0: Foul Ball, location: 2F 1-1: Ball 2-1: DOUBLE (Flyball, 89D, EV 90.0 MPH)
|
|
Batting: RHB Andrew Clarke
|
0-0: Swinging Strike 0-1: Ball 1-1: Ball 2-1: SINGLE (Groundball, 34D, EV 97.5 MPH) Chris Torlak to third Runner from 3rd tries for Home, SAFE, throw by RF to home
|
|
Batting: RHB Kurt Wagner
|
0-0: Called Strike 0-1: Foul Ball, location: 2F 0-2: Ground out 6-3 (Groundball, 6S, EV 83.8 MPH)
|
| Top of the 8th over - 1 run, 2 hits, 0 errors, 1 left on base; Frisco 4 - Chattanooga 1 |
| BOTTOM OF THE 8TH |
|
Chattanooga Lookouts batting - Pitching for Frisco RoughRiders : RHP Tyler Jack
|
|
Batting: LHB Justin Wenzel
|
0-0: Called Strike 0-1: Ball 1-1: Called Strike 1-2: Fly out, F6 (Popup, 4MD, EV 54.4 MPH)
|
|
Batting: LHB Seung-jun Chang
|
0-0: Ball 1-0: Called Strike 1-1: SOLO HOME RUN (Flyball, 89XD, EV 97.5 MPH), Distance : 389 ft
|
|
Batting: LHB Jim Pankratz
|
0-0: Ground out 4-3 (Groundball, 4, EV 108.8 MPH)
|
|
Batting: LHB Matt Robertson
|
0-0: Called Strike 0-1: Foul Ball, location: 2F 0-2: Ball 1-2: Ball 2-2: Foul Ball, location: 2F 2-2: Ground out 4-3 (Groundball, 4, EV 105.0 MPH)
|
| Bottom of the 8th over - 1 run, 1 hit, 0 errors, 0 left on base; Frisco 4 - Chattanooga 2 |
| TOP OF THE 9TH |
|
Frisco RoughRiders batting - Pitching for Chattanooga Lookouts : LHP Mark Challinor
|
|
Pitching: RHP Andy Symons
|
|
|
Batting: SHB Isaiah Cherry
|
0-0: Ground out 6-3 (Groundball, 6MS, EV 66.9 MPH)
|
|
Batting: RHB Aaron Graham
|
0-0: Ball 1-0: Foul Ball, location: 2F 1-1: Swinging Strike 1-2: Strikes out swinging
|
|
Batting: RHB Salvador Caldera
|
0-0: Called Strike 0-1: Ground out U3 (Groundball, 3L, EV 80.0 MPH)
|
| Top of the 9th over - 0 runs, 0 hits, 0 errors, 0 left on base; Frisco 4 - Chattanooga 2 |
| BOTTOM OF THE 9TH |
|
Chattanooga Lookouts batting - Pitching for Frisco RoughRiders : RHP Tyler Jack
|
|
Pitching: RHP Tony Castellanos
|
|
|
Now in LF: Brandon Davis
|
|
|
Batting: RHB Miguel Diaz
|
0-0: Called Strike 0-1: Foul Ball, location: 2F 0-2: Foul Ball, location: 2F 0-2: Ball 1-2: Ball 2-2: Strikes out swinging
|
|
Batting: RHB Manuel Juarez
|
0-0: Ball 1-0: Ball 2-0: Ball 3-0: Foul Ball, location: 2F 3-1: Base on Balls
|
|
Batting: RHB J.J. Powers
|
0-0: Ball 1-0: Grounds into double play, 6-4-3 (Groundball, 6, EV 104.4 MPH)
|
| Bottom of the 9th over - 0 runs, 0 hits, 0 errors, 0 left on base; Frisco 4 - Chattanooga 2 |
|